 Dungeon Crawl Stone Soup version 0.20.0-10-g0535bb4 (webtiles) character file.

528044 tsouns the Slayer (level 24, -15/293 (295) HPs)
             Began as a Minotaur Chaos Knight on June 3, 2017.
             Blown up by Boris (80 damage)
             ... with an orb of destruction
             ... on level 1 of the Crypt on June 5, 2017.
             The game lasted 02:49:32 (45530 turns).

tsouns the Slayer (Minotaur Chaos Knight)          Turns: 45530, Time: 02:49:33

HP:   -15/293 (295) AC: 40    Str: 37 (41) XL:     24   Next: 33%
MP:   31/31         EV: 23    Int: 11      God:    Xom [..*...]
Gold: 2496          SH:  4    Dex: 21      Spells: 10/23 levels left

rFire    . . .     SeeInvis .   T - +5 battleaxe (vamp)
rCold    . . .     Gourm    .   (shield currently unavailable)
rNeg     . . .     Faith    .   D - +5 plate armour {rC+}
rPois    .         Spirit   .   u - +2 hat {MR+}
rElec    +         Reflect  +   S - scarf {cloud immunity}
rCorr    .         Harm     .   p - +2 pair of gloves {Str+3}
MR       +++..     Clarity  +   M - +2 pair of boots
Stlth    ..........             J - amulet "Gemneludd" {Reflect Dex+4 Slay+2 SH+4 Stlth+}
Regen    0.6/turn               L - ring "Ytytaez" {+Inv AC+5}
MPRegen  0.3/turn               X - ring of Xom's Brutal Revenge {+Blink rF- rC- Str+10 Slay+5}

@: very slightly contaminated
A: retaliatory headbutt, claws 1, hooves 2, horns 2, rugged brown scales 1,
agile 1, clarity, clever 1, fire resistance 1, magic resistance 1, robust 2,
shaggy fur 1, electricity resistance, strong 2, wild magic 3
}: 3/15 runes: decaying, serpentine, silver
a: Renounce Religion, Evoke Blink, Evoke Invisibility


You were on level 1 of the Crypt.
You worshipped Xom.
You were a toy of Xom.
You were not hungry.

You visited 8 branches of the dungeon, and saw 42 of its levels.
You visited the Abyss 1 time.
You visited 1 bazaar.
You also visited: Bailey.

You collected 6502 gold pieces.
You spent 4006 gold pieces at shops.

Inventory:

Hand Weapons
 A - a +9 battleaxe of chaos
 T - a +5 vampiric battleaxe (weapon)
Missiles
 r - 28 javelins of returning (quivered)
 x - 6 throwing nets
Armour
 p - a +2 pair of gloves of strength (worn)
 q - a +1 cloak of poison resistance
 u - a +2 hat of magic resistance (worn)
 D - a +5 plate armour of cold resistance (worn)
 M - a +2 pair of boots (worn)
 S - a scarf of cloud immunity (worn)
Jewellery
 t - the amulet "Wexegg" {Reflect rC++ Str+3 Int+3 Dex-3 SH+4}
   (You found it on level 4 of the Swamp)

   [amulet of reflection]

   It shields you and reflects attacks.
   It affects your strength (+3).
   It affects your intelligence (+3).
   It affects your dexterity (-3).
   It greatly protects you from cold.
   It affects your SH (+4).
 J - the amulet "Gemneludd" (around neck) {Reflect Dex+4 Slay+2 SH+4 Stlth+}
   (Xom gifted it to you on level 4 of the Vaults)

   [amulet of reflection]

   It shields you and reflects attacks.
   It affects your dexterity (+4).
   It affects your accuracy and damage with ranged weapons and melee attacks
   (+2).
   It affects your SH (+4).
   It makes you more stealthy.
 L - the ring "Ytytaez" (left hand) {+Inv AC+5}
   (You found it on level 4 of the Swamp)

   [ring of protection]

   It affects your AC (+5).
   It lets you turn invisible.
 W - an uncursed ring of protection from fire
 X - the ring of Xom's Brutal Revenge (right hand) {+Blink rF- rC- Str+10 Slay+5}
   (You bought it in a shop on level 6 of the Dungeon)

   [ring of slaying]

   It affects your strength (+10).
   It affects your accuracy and damage with ranged weapons and melee attacks
   (+5).
   It makes you vulnerable to fire.
   It makes you vulnerable to cold.
   It lets you blink.
Wands
 b - a wand of digging (13/24)
 h - a wand of scattershot (6/9)
 j - a wand of acid (8/15)
 n - a wand of paralysis (9/24)
 w - a wand of enslavement (6/24)
 Q - a wand of confusion (35/48)
Scrolls
 e - 5 scrolls of magic mapping
 g - 23 scrolls of teleportation
 k - 4 scrolls of fog
 m - 19 scrolls of remove curse
 y - 3 scrolls of identify
 z - a scroll of summoning
 C - 10 scrolls of recharging
 F - 3 scrolls of silence
 O - 6 scrolls of blinking
 V - 5 scrolls of fear
Potions
 d - 4 potions of cancellation
 f - 4 potions of flight
 o - 7 potions of haste
 v - 4 potions of ambrosia
 B - a potion of agility
 E - 6 potions of heal wounds
 I - 7 potions of curing
 K - 2 potions of berserk rage
 N - 2 potions of invisibility
 R - a potion of resistance
 Y - 2 potions of might
Miscellaneous
 a - a lamp of fire
 l - a fan of gales
 s - 2 boxes of beasts
 P - a phial of floods
 Z - 2 sacks of spiders
Comestibles
 c - 17 bread rations
 i - 21 meat rations
 G - a royal jelly


   Skills:
 * Level 24.6 Fighting
 + Level 23.3 Axes
 + Level 16.6 Throwing
 + Level 20.0 Armour
 + Level 18.2 Dodging
 - Level 4.3 Stealth
 + Level 12.6 Evocations


You had 10 spell levels left.
You knew the following spells:

 Your Spells              Type           Power        Failure   Level  Hunger
a - Animate Skeleton      Necr           N/A          91%         1    ##.....
b - Apportation           Tloc           #.....       91%         1    ##.....
c - Statue Form           Tmut/Erth      #........    100%        6    #######
d - Tukima's Dance        Hex            #.......     99%         3    ####...
e - Poisonous Vapours     Pois/Air       #.....       96%         2    ###....


Dungeon Overview and Level Annotations

Branches:
Dungeon (15/15)            Temple (0/1) D:7            Lair (6/6) D:10
  Swamp (4/4) Lair:2        Snake (4/4) Lair:4          Orc (2/2) D:11
    Elf (0/3) Orc:2        Vaults (5/5) D:14          Crypt (1/3) Vaults:2
 Depths (5/5) D:15            Zot (0/5) Depths:5
  Slime: Lair:5-6

Altars:
Dithmenos
Elyvilon
Gozag
Kikubaaqudgha
Qazlal
Sif Muna
Trog
Vehumet
Xom
Yredelemnul
Lugonu

Shops:
D:6 =   D:8 :   D:14 [   Orc:1 =   Orc:2 ?:?*   Snake:1 :([%   Snake:2 *
Depths:4 [}   Depths:5 }

Portals:
Hell: Depths:1 Depths:2 Depths:3 Depths:4 Depths:5
Abyss: Depths:1 Depths:3 Depths:4
Pandemonium: Depths:3 Depths:4
Ziggurat: Depths:1

Annotations:
D:14 3 runed doors
Lair:5 exclusion: 3 oklob plants
Swamp:2 exclusion: 2 oklob saplings
Crypt:1 Boris


Innate Abilities, Weirdness & Mutations

You reflexively headbutt those who attack you in melee.
You have a pair of horns on your head.
You have sharp fingernails.
You have hoof-like feet.
You are partially covered in rugged brown scales. (AC +1, +3% HP)
You are agile. (Dex +2)
You possess an exceptional clarity of mind.
Your mind is acute. (Int +2)
Your flesh is heat resistant. (rF+)
You are resistant to hostile enchantments. (MR+)
You are very robust. (+20% HP)
You are covered in fur. (AC +1)
You are resistant to electric shocks. (rElec)
Your muscles are very strong. (Str +4)
Your spells are much harder to cast, but much more powerful.


Message History

* * * LOW HITPOINT WARNING * * *
Something hits you!
* * * LOW HITPOINT WARNING * * *
Something drains your vigour!
You feel yourself slow down.
The wight moves out of view.
Unknown command.
Unknown command.
Blink to where?
Press: ? - help, Dir - move target cursor You are very lightly contaminated with residual magic.
As you read the scroll of blinking, it crumbles to dust.
You feel yourself speed up. The jiangshi misses you.
The jiangshi barely misses you.
Something conjures a glowing orb.
An orb of destruction comes into view.
Boris appears from thin air!
Reactivating autopickup.
The orb of destruction hits you!
You die...
Xom laughs nastily!

#..# #L# #......# #..#
#.# #......# #..# #§#
#......# #..# #§#
#......# #..# #§#
#......# #..# #§#
#......#### #..# #§#
#.......... #..#####§#
#..........
#......@.#####.########.
#..............# #.
#..............# #.
#.#########....# #. #.#
#....# #. #.# #....# #.
#.# #....# #.# #....#
#.# #....# #


There were no monsters in sight!

Vanquished Creatures
  2 ancient liches (Vaults:5)
  A juggernaut (Depths:4)
  Sojobo (Depths:4)
  Margery (Depths:5)
  the Lernaean hydra (Swamp:4)
  Saint Roka (Vaults:3)
  2 caustic shrikes (Depths:4)
  Vashnia (Snake:3)
  A profane servitor (Depths:5)
  5 golden dragons
  2 liches
  6 large abominations (Vaults:5)
  A tentacled monstrosity (Swamp:3)
  Asterion (Vaults:2)
  7 titans (Vaults:5)
  A quicksilver dragon (Depths:4)
  4 sphinxes
  A sphinx (shapeshifter) (Vaults:5)
  3 thorn hunters (Swamp:2)
  Frances (Swamp:2)
  8 tengu reavers
  4 shadow dragons
  Roxanne (D:14)
  3 storm dragons
  Donald (Swamp:2)
  2 daevas (Depths:3)
  5 nagarajas (Snake:4)
  8 fire giants
  An iron dragon (Depths:5)
  12 frost giants
  Aizul (Swamp:2)
  A cacodemon (Depths:3)
  The ghost of Gorglomux the Grappler, a journeyman OgTm of Okawaru (Lair:6)
  14 vault wardens
  4 deep elf sorcerers
  A spriggan defender (Depths:5)
  Louise (Snake:3)
  An angel (Abyss:2)
  16 ironheart preservers
  A draconian annihilator (Depths:5)
  22 very ugly things
  3 war gargoyles (Vaults:5)
  2 entropy weavers
  A deep elf demonologist (Vaults:5)
  2 vampire knights
  21 stone giants
  3 green draconians (Depths:5)
  A dire elephant (Depths:5)
  A white draconian (Depths:5)
  A purple draconian (Depths:5)
  A black draconian (Depths:5)
  5 deep elf annihilators
  A spark wasp (shapeshifter) (Vaults:5)
  11 spark wasps
  3 jiangshi
  5 deep elf death magi
  10 ettins
  9 ogre magi
  5 fire dragons
  3 deep elf high priests (Vaults:5)
  2 pearl dragon zombies (Depths:5)
  Josephine (D:14)
  The ghost of kuniqs the Fighter, a journeyman VSFi of Ru (Lair:2)
  A quicksilver dragon zombie (Crypt:1)
  5 great orbs of eyes
  10 yaktaur captains
  A quicksilver dragon skeleton (Crypt:1)
  9 ice dragons
  A hell beast (Depths:3)
  3 rakshasas
  28 vault guards
  19 naga warriors
  5 spriggan air magi
  16 hydras
  3 ghost crabs
  An alligator snapping turtle (Vaults:5)
  8 centaur warriors
  10 deep troll shamans
  11 alligators
  9 tengu warriors
  6 death knights
  6 death yaks
  28 two-headed ogres
  10 deep troll earth magi
  2 hell hogs (Depths:5)
  An alligator (shapeshifter) (Vaults:5)
  2 vampire magi
  3 orc high priests (Orc:2)
  Urug (D:14)
  6 spriggan berserkers
  2 titan zombies (Crypt:1)
  A soul eater (Depths:3)
  A thrashing horror (Abyss:2)
  3 deep elf knights
  7 shock serpents
  Nergalle (Orc:1)
  8 hell knights (Depths:5)
  17 naga sharpshooters
  A wretched star (Abyss:2)
  2 titan skeletons
  2 spatial maelstroms (Abyss:2)
  2 iron giant zombies (Crypt:1)
  5 salamander mystics
  2 iron trolls (Depths:1)
  2 spriggan druids (Swamp:4)
  A storm dragon skeleton (Crypt:1)
  4 skeletal warriors
  A sea snake (Snake:4)
  A shadow wraith (Vaults:3)
  A sixfirhy (Depths:3)
  A golden dragon zombie (Depths:2)
  3 unseen horrors
  4 glowing orange brains
  3 wizards
  28 deep trolls
  An orange crystal statue (D:14)
  8 anacondas
  4 shambling mangroves
  12 naga ritualists
  3 phantasmal warriors
  5 harpies (Vaults:4)
  6 swamp dragons (Swamp:4)
  5 deep elf archers
  9 necromancers
  9 ironbrand convokers
  5 cyclopes
  2 stone giant zombies
  A mana viper (shapeshifter) (Depths:4)
  13 mana vipers
  2 fire giant zombies (Depths:2)
  67 ugly things
  2 wolf spiders
  13 orc knights
  2 wolf spider zombies (D:15)
  7 orc sorcerers
  2 tengu skeletons (Depths:2)
  11 deep elf magi
  Maurice (D:8)
  4 manticores
  A sphinx skeleton (Depths:2)
  18 elephants
  19 salamanders
  Joseph (D:8)
  23 black mambas
  19 vault sentinels
  4 apis skeletons (Depths:5)
  An eye of devastation (shapeshifter) (Depths:1)
  A fire giant skeleton (Vaults:3)
  A gargoyle (D:15)
  A rust devil (Depths:3)
  A water nymph (Snake:4)
  5 molten gargoyles
  31 naga magi
  Psyche (D:9)
  14 spiny frogs
  4 guardian serpents
  A yaktaur (shapeshifter) (Vaults:4)
  A storm dragon simulacrum (Vaults:5)
  4 orange demons (D:13)
  A torpor snail (Lair:3)
  A komodo dragon (shapeshifter) (Depths:5)
  A rime drake (Lair:1)
  8 komodo dragons
  A redback zombie (D:14)
  2 ice devils
  5 freezing wraiths
  60 yaktaurs
  An efreet (D:14)
  An entropy weaver simulacrum (Vaults:3)
  An ancient zyme (Abyss:2)
  2 tengu conjurers
  2 red devils (Depths:3)
  6 trolls
  A merfolk (shapeshifter) (Depths:4)
  3 jumping spiders (shapeshifter)
  5 tyrant leeches
  25 hornets
  2 raiju (Abyss:2)
  A blink frog (shapeshifter) (Vaults:3)
  12 blink frogs
  25 slime creatures
  8 polar bears
  7 bog bodies
  Prince Ribbit (D:5)
  A raiju (shapeshifter) (D:14)
  A fire giant simulacrum (Vaults:3)
  9 dream sheep
  10 hippogriffs
  An ettin skeleton (Depths:2)
  2 shadows
  A spriggan (shapeshifter) (Depths:1)
  18 spriggans
  A tarantella (Vaults:2)
  2 vampires
  6 redbacks
  10 air elementals
  38 yaks
  3 water elementals (Depths:1)
  6 basilisks
  2 basilisks (shapeshifter)
  A human (shapeshifter) (D:15)
  4 wyverns
  Grum (D:8)
  A fire bat (shapeshifter) (Depths:1)
  7 wraiths
  2 chaos spawn
  A hungry ghost (D:9)
  6 wargs
  18 vampire mosquitoes
  24 swamp worms
  4 spatial vortices (Abyss:2)
  3 insubstantial wisps (Swamp:2)
  58 nagas
  12 porcupines
  12 water moccasins
  14 swamp drakes
  2 black bears
  43 orc warriors
  An ettin simulacrum (Vaults:5)
  An eye of draining (D:12)
  3 ice beasts
  2 phantoms
  An eye of draining (shapeshifter) (Depths:1)
  7 sky beasts
  29 wolves
  13 boggarts
  34 ogres
  30 centaurs
  An elf skeleton (Vaults:3)
  8 crocodiles
  21 bullfrogs
  5 big kobolds
  3 gnoll sergeants
  4 small abominations
  4 human skeletons
  A water moccasin zombie (D:11)
  5 scorpions
  A human simulacrum (Vaults:3)
  6 killer bees
  14 wights
  4 howler monkeys
  A crimson imp (D:7)
  2 bullfrog zombies
  4 jellies
  4 quasits
  A bullfrog skeleton (D:8)
  8 hounds
  24 orc priests
  3 iron imps
  A basilisk skeleton (Crypt:1)
  A centaur skeleton (D:11)
  Terence (D:3)
  9 iguanas
  25 orc wizards
  12 worker ants
  5 hell rats (Lair:1)
  A killer bee zombie (D:7)
  A hound zombie (D:7)
  A hound skeleton (D:11)
  2 worker ant zombies
  7 gnolls
  12 adders
  A howler monkey skeleton (D:4)
  3 river rats (Lair:1)
  5 shadow imps
  2 white imps (Abyss:2)
  2 oozes
  2 adder skeletons
  An adder zombie (D:9)
  4 worms
  A dart slug (D:3)
  4 leopard geckos
  125 orcs
  8 giant cockroaches
  7 goblins
  4 hobgoblins
  8 jackals
  30 kobolds
  7 quokkas
  A ball python (D:2)
  6 bats
  7 frilled lizards
  A goblin zombie (D:8)
  A jackal skeleton (D:4)
  A quokka zombie (D:8)
  8 rats
  A spectral orc (D:3)
  A bush (Depths:2)
  7 crawling corpses (Vaults:5)
  5 fungi
  12 plants
1990 creatures vanquished.

Vanquished Creatures (collateral kills)
  A large abomination (Vaults:5)
  A tengu reaver (Depths:4)
  An ettin (D:11)
  A fire dragon (D:15)
  A deep elf high priest (Vaults:5)
  A naga sharpshooter (Snake:4)
  A two-headed ogre (D:9)
  A deep troll shaman (Depths:1)
  A deep troll (Depths:1)
  An ugly thing (Vaults:5)
  5 yaks (D:10)
  A wyvern (D:15)
  2 nagas (Snake:4)
  An ogre (Depths:1)
  A phantom (D:9)
  A crimson imp (D:9)
  2 adders (D:10)
  2 kobolds (D:10)
  A quokka skeleton (D:9)
  A crawling corpse (Vaults:5)
27 creatures vanquished.

Vanquished Creatures (others)
  A red draconian (Depths:5)
  4 dancing weapons
  2 spriggans
  A sea snake (Snake:3)
  An orb spider (shapeshifter) (Vaults:5)
  A wolf spider (Vaults:4)
  A naga mage (Snake:4)
  A yaktaur (Depths:5)
  A tyrant leech (Swamp:4)
  A hornet (Swamp:3)
  3 nagas (Snake:3)
  2 orc warriors
  2 centaurs (Vaults:1)
  10 briar patches (Swamp:2)
  2 fungi
  31 plants
64 creatures vanquished.

Grand Total: 2081 creatures vanquished

Notes
Turn   | Place    | Note
-------+----------+-------------------------------------------
     0 | D:1      | tsouns the Minotaur Chaos Knight began the quest for the Orb.
     0 | D:1      | Reached XP level 1. HP: 19/19 MP: 0/0
    12 | D:1      | XOM: potion effect (brilliance)
   259 | D:1      | Reached XP level 2. HP: 27/27 MP: 1/1
   501 | D:1      | XOM: harmless Erth miscast
   641 | D:1      | Reached skill level 4 in Fighting
   659 | D:1      | XOM: silly message
   877 | D:2      | Reached XP level 3. HP: 23/33 MP: 2/2
  1217 | D:2      | Found a faded altar of an unknown god.
  1465 | D:3      | Reached skill level 5 in Axes
  1465 | D:3      | Reached XP level 4. HP: 39/41 MP: 3/3
  1529 | D:3      | Reached skill level 5 in Fighting
  1537 | D:3      | XOM: silly message
  1751 | D:3      | Noticed Terence
  1757 | D:3      | Killed Terence
  1757 | D:3      | Reached XP level 5. HP: 45/48 MP: 4/4
  1836 | D:3      | Found a basalt altar of Yredelemnul.
  2023 | D:4      | XOM: harmless Chrm miscast
  2118 | D:4      | Reached skill level 6 in Fighting
  2170 | D:4      | XOM: noise
  2203 | D:4      | Reached XP level 6. HP: 23/57 MP: 5/5
  2514 | D:4      | XOM: silly message
  2555 | D:4      | XOM: divination: detect creatures
  2577 | D:4      | Found an ancient bone altar of Kikubaaqudgha.
  2745 | D:5      | Entered Level 5 of the Dungeon
  2760 | D:5      | XOM: smoke on damage
  2790 | D:5      | Reached skill level 7 in Fighting
  2910 | D:5      | XOM: harmless Fire miscast
  2938 | D:5      | Reached XP level 7. HP: 56/66 MP: 6/6
  2948 | D:5      | Noticed Prince Ribbit
  2976 | D:5      | Killed Prince Ribbit
  3174 | D:5      | XOM: harmless Tmut miscast
  3208 | D:5      | XOM: harmless Chrm miscast
  3251 | D:5      | XOM: potion effect (heal wounds)
  3253 | D:5      | Reached skill level 8 in Fighting
  3494 | D:5      | Reached XP level 8. HP: 58/75 MP: 7/7
  3526 | D:5      | Learned a level 1 spell: Animate Skeleton
  3528 | D:5      | Learned a level 1 spell: Apportation
  3585 | D:5      | XOM: noise
  3599 | D:5      | XOM: 2-stop teleportation journey
  3960 | D:5      | XOM: noise
  4138 | D:6      | Found Gooff's Jewellery Shoppe.
  4141 | D:6      | Bought an uncursed ring of poison resistance for 240 gold pieces
  4188 | D:6      | Reached skill level 9 in Fighting
  4764 | D:7      | Found a staircase to the Ecumenical Temple.
  4939 | D:7      | Reached skill level 10 in Axes
  4972 | D:7      | XOM: give mutations
  4972 | D:7      | Gained mutation: Scrolls take you a little longer to read. [Xom's mischief]
  4972 | D:7      | Lost mutation: Scrolls take you a little longer to read. [Xom's mischief]
  4972 | D:7      | Gained mutation: Armour fits poorly on your strangely shaped body. [Xom's mischief]
  4972 | D:7      | Gained mutation: You are weak. (Str -2) [Xom's mischief]
  4985 | D:7      | Found a shadowy altar of Dithmenos.
  5028 | D:7      | Reached XP level 9. HP: 70/85 MP: 8/8
  5099 | D:7      | Found a radiant altar of Vehumet.
  5100 | D:7      | Found a white marble altar of Elyvilon.
  5157 | D:7      | XOM: blink monster(s)
  5163 | D:7      | Reached skill level 10 in Fighting
  5335 | D:7      | Reached skill level 5 in Armour
  5704 | D:8      | Noticed Grum
  5704 | D:8      | Noticed Joseph
  5713 | D:7      | XOM: blink monster(s)
  5971 | D:7      | XOM: give mutations
  5971 | D:7      | Gained mutation: You have sharp fingernails. [Xom's grace]
  5971 | D:7      | Gained mutation: You are robust. (+10% HP) [Xom's grace]
  6258 | D:8      | XOM: mild Erth miscast
  6266 | D:8      | XOM: smoke on damage
  6296 | D:8      | Noticed a two-headed ogre
  6306 | D:8      | HP: 3/94 [two-headed ogre/giant spiked club (16)]
  6307 | D:8      | XOM: enchant monster (bad)
  6311 | D:8      | XOM: polymorph jackal -> adder
  6336 | D:7      | XOM: summons 3 hostile shadow creatures
  6459 | D:7      | XOM: harmless Tmut miscast
  6684 | D:7      | XOM: harmless Erth miscast
  6708 | D:7      | XOM: divination: detect items
  6713 | D:7      | XOM: confuse monster(s)
  6715 | D:7      | XOM: fog
  6732 | D:7      | XOM: harmless Hex miscast
  6742 | D:7      | XOM: cast spell 'Summon Ice Beast'
  6749 | D:7      | XOM: confuse monster(s)
  6752 | D:7      | XOM: divination: magic mapping
  6757 | D:7      | Killed a two-headed ogre
  7245 | D:8      | Reached XP level 10. HP: 96/103 MP: 9/9
  7317 | D:8      | Killed Grum
  7323 | D:8      | Found Ulexzonu's Book Shoppe.
  7339 | D:8      | XOM: harmless Hex miscast
  7346 | D:8      | XOM: mild Tmut miscast
  7354 | D:8      | Killed Joseph
  7729 | D:8      | XOM: give mutation
  7729 | D:8      | Gained mutation: You have large cloven feet. [Xom's grace]
  7756 | D:8      | Found a bloodstained altar of Trog.
  7799 | D:8      | XOM: smoke on damage
  7842 | D:8      | Noticed Maurice
  7843 | D:8      | XOM: cast spell 'Disjunction'
  7857 | D:8      | Killed Maurice
  7883 | D:8      | XOM: scenery: create altars
  7899 | D:8      | XOM: harmless Hex miscast
  8014 | D:8      | Found a deep blue altar of Sif Muna.
  8324 | D:9      | Noticed a two-headed ogre
  8325 | D:9      | XOM: noise
  8327 | D:9      | XOM: cast spell 'Shadow Creatures'
  8331 | D:9      | XOM: summons friendly shadow imp
  8334 | D:9      | Killed a two-headed ogre
  8355 | D:9      | Noticed a two-headed ogre
  8356 | D:9      | XOM: confuse monster(s)
  8360 | D:9      | Killed a two-headed ogre
  8368 | D:9      | Lost mutation: You are robust. (+10% HP) [potion of mutation]
  8368 | D:9      | Lost mutation: You have large cloven feet. [potion of mutation]
  8368 | D:9      | Lost mutation: You have sharp fingernails. [potion of mutation]
  8368 | D:9      | Gained mutation: You are very weak. (Str -4) [potion of mutation]
  8368 | D:9      | Gained mutation: You have a somewhat thin skeletal structure. (Dex +2, Stealth) [potion of mutation]
  8368 | D:9      | Gained mutation: You tend to lose your temper in combat. [potion of mutation]
  8368 | D:9      | Gained mutation: You are partially covered in slimy green scales. (AC +2) [potion of mutation]
  8370 | D:9      | Found a stormy altar of Qazlal.
  8449 | D:9      | Found an opulent altar of Gozag.
  8646 | D:9      | Noticed Psyche
  8692 | D:9      | XOM: harmless Chrm miscast
  8725 | D:9      | XOM: summons friendly iron imp
  8727 | D:9      | XOM: harmless Ice miscast
  8751 | D:9      | Killed Psyche
  8751 | D:9      | Reached skill level 15 in Axes
  9085 | D:9      | XOM: noise
  9116 | D:10     | Entered Level 10 of the Dungeon
  9208 | D:10     | Noticed a two-headed ogre
  9215 | D:10     | Killed a two-headed ogre
  9215 | D:10     | Reached XP level 11. HP: 62/101 MP: 10/10
  9237 | D:10     | Got a spiked leather armour
  9239 | D:10     | XOM: cast spell 'Summon Dragon'
  9471 | D:10     | Identified the +1 leather armour of Theory {-Tele rPois rC++ MR+} (You found it on level 10 of the Dungeon)
  9527 | D:10     | XOM: noise
  9637 | D:10     | Found a staircase to the Lair.
  9638 | D:10     | Noticed a death yak
  9648 | D:10     | XOM: enchant monster (good)
  9658 | D:10     | Killed a death yak
 10030 | D:10     | XOM: summons 4 hostile demons
 10034 | Lair:1   | Entered Level 1 of the Lair of Beasts
 10210 | Lair:1   | XOM: noise
 10424 | Lair:1   | XOM: summons 5 hostile demons
 10481 | Lair:1   | Noticed a five-headed hydra
 10485 | Lair:1   | XOM: fog
 10557 | Lair:1   | HP: 5/101 [bullfrog (2)]
 10937 | D:11     | Found a staircase to the Orcish Mines.
 11048 | D:11     | XOM: give mutation
 11048 | D:11     | Gained mutation: Your body sometimes deteriorates upon taking damage. [Xom's mischief]
 11074 | D:11     | Got a crude leather armour
 11085 | D:11     | Identified the cursed +0 leather armour of Gam Nob {rCorr Dex-3 SInv} (You found it on level 11 of the Dungeon)
 11107 | D:11     | Noticed a purple ugly thing
 11124 | D:11     | Killed a purple ugly thing
 11171 | D:11     | Reached skill level 1 in Evocations
 11226 | D:11     | XOM: polymorph yak -> polar bear
 11289 | D:11     | XOM: divination: detect creatures
 11331 | D:11     | XOM: potion effect (brilliance)
 11588 | D:10     | XOM is BORED!
 11588 | D:10     | XOM: harmless Fire miscast
 11699 | D:11     | Reached skill level 11 in Fighting
 11973 | D:11     | XOM: potion effect (haste)
 11979 | D:11     | XOM: potion effect (curing)
 12135 | D:10     | XOM: divination: magic mapping
 12329 | D:11     | Noticed a cyan ugly thing
 12329 | D:11     | XOM: potion effect (brilliance)
 12448 | D:10     | XOM: harmless Tloc miscast
 12510 | D:10     | XOM: harmless Ice miscast
 12514 | D:10     | Reached skill level 5 in Dodging
 12515 | D:10     | XOM: harmless Conj miscast
 12541 | D:10     | XOM: divination: magic mapping
 12553 | D:10     | XOM: divination: detect items
 12647 | Orc:1    | XOM: stealth player
 12647 | Orc:1    | Entered Level 1 of the Orcish Mines
 12647 | Orc:1    | Noticed Nergalle
 12647 | Orc:1    | Noticed an orc sorcerer
 12732 | D:12     | Noticed a cyan ugly thing
 12739 | D:12     | XOM: cast spell 'Summon Butterflies'
 12754 | D:12     | Killed a cyan ugly thing
 12925 | D:12     | XOM: harmless Tloc miscast
 13095 | D:12     | XOM: noise
 13144 | D:12     | Identified a scroll of acquirement
 13228 | D:12     | XOM is BORED!
 13228 | D:12     | XOM: give mutations
 13228 | D:12     | Gained mutation: Scrolls take you a little longer to read. [Xom's mischief]
 13228 | D:12     | Gained mutation: You are clumsy. (Dex -2) [Xom's mischief]
 13228 | D:12     | Lost mutation: You tend to lose your temper in combat. [Xom's mischief]
 13228 | D:12     | Lost mutation: You have a somewhat thin skeletal structure. (Dex +2, Stealth) [Xom's mischief]
 13358 | D:12     | XOM: give mutations
 13358 | D:12     | Gained mutation: You are resistant to electric shocks. (rElec) [Xom's mischief]
 13439 | D:12     | Noticed a red ugly thing
 13449 | D:12     | XOM: smoke on damage
 13451 | D:12     | Killed a red ugly thing
 13451 | D:12     | Reached XP level 12. HP: 11/110 MP: 13/13
 13578 | D:12     | XOM: give mutations
 13578 | D:12     | Lost mutation: Your body sometimes deteriorates upon taking damage. [Xom's mischief]
 13578 | D:12     | Gained mutation: Your body sometimes deteriorates upon taking damage. [Xom's mischief]
 13581 | D:12     | Noticed a two-headed ogre
 13589 | D:12     | Killed a two-headed ogre
 13598 | D:12     | XOM: mild Ice miscast
 13668 | D:12     | XOM: mild Hex miscast
 13727 | D:12     | XOM: give mutations
 13727 | D:12     | Gained mutation: You possess an exceptional clarity of mind. [Xom's mischief]
 13727 | D:12     | Lost mutation: You are very weak. (Str -4) [Xom's mischief]
 13970 | D:11     | XOM: 3-stop teleportation journey
 14002 | D:11     | Noticed a frost giant
 14003 | D:11     | Noticed an ettin
 14018 | D:11     | Killed an ettin
 14022 | D:11     | XOM: 3-stop teleportation journey
 14048 | D:11     | Noticed a two-headed ogre
 14057 | D:11     | Killed a two-headed ogre
 14142 | D:11     | Reached skill level 12 in Fighting
 14150 | D:11     | XOM: give mutations
 14150 | D:11     | Lost mutation: Armour fits poorly on your strangely shaped body. [Xom's mischief]
 14150 | D:11     | Lost mutation: You are resistant to electric shocks. (rElec) [Xom's mischief]
 14150 | D:11     | Lost mutation: Your body sometimes deteriorates upon taking damage. [Xom's mischief]
 14150 | D:11     | Gained mutation: Scrolls take you longer to read. [Xom's mischief]
 14307 | D:11     | Identified the Catalogue of Freezing Transmutation
 14398 | D:13     | XOM: 1-stop teleportation journey
 14399 | D:13     | Noticed a centaur warrior
 14400 | D:13     | Killed a centaur warrior
 14417 | D:13     | XOM: give mutations
 14417 | D:13     | Lost mutation: Scrolls take you longer to read. [Xom's mischief]
 14417 | D:13     | Gained mutation: You occasionally shout uncontrollably at your foes. [Xom's mischief]
 14429 | D:13     | XOM: god gift: arbalest {god gift}
 14435 | D:13     | XOM: divination: magic mapping
 14546 | D:13     | Found a flagged portal.
 14567 | Bailey   | Entered a bailey
 14706 | Bailey   | XOM: god gift: scale mail {god gift}
 14719 | Bailey   | XOM: potion effect (brilliance)
 14760 | Bailey   | XOM: harmless Hex miscast
 14886 | Bailey   | Reached skill level 5 in Evocations
 14936 | Bailey   | XOM: blink monster(s)
 14941 | Bailey   | XOM: polymorph orc warrior -> crocodile
 14947 | Bailey   | XOM: cleaving
 15176 | Bailey   | XOM: give mutation
 15176 | Bailey   | Lost mutation: You are weak. (Str -2) [Xom's mischief]
 15200 | D:13     | Noticed a two-headed ogre
 15204 | D:13     | XOM: fake destruction
 15211 | D:13     | Killed a two-headed ogre
 15414 | D:13     | Noticed a centaur warrior
 15425 | D:13     | Killed a centaur warrior
 15425 | D:13     | Reached skill level 13 in Fighting
 15554 | D:13     | XOM: polymorph scorpion -> big kobold
 15577 | D:13     | Reached XP level 13. HP: 114/122 MP: 16/16
 15579 | D:13     | XOM: summons 2 hostile demons
 15711 | D:13     | XOM: noise
 15945 | D:13     | XOM: draining
 15964 | D:14     | XOM: summons friendly iron imp
 15976 | D:14     | XOM: enchant monster (bad)
 15977 | D:14     | XOM: potion effect (berserk rage)
 15978 | D:14     | XOM: potion effect (invisibility)
 16008 | D:14     | XOM: potion effect (heal wounds)
 16078 | D:14     | XOM: harmless Hex miscast
 16138 | D:14     | XOM is BORED!
 16138 | D:14     | XOM: harmless Conj miscast
 16171 | D:14     | XOM: potion effect (invisibility)
 16187 | D:14     | XOM: harmless Erth miscast
 16251 | D:14     | Noticed Urug
 16262 | D:14     | Killed Urug
 16262 | D:14     | Reached skill level 14 in Fighting
 16286 | D:14     | XOM: harmless Conj miscast
 16340 | D:14     | Found Zereng's Armour Emporium.
 16352 | D:14     | Bought a +3 plate armour of cold resistance for 585 gold pieces
 16380 | D:14     | Found a runed door.
 16392 | D:14     | Noticed Josephine
 16402 | D:14     | Killed Josephine
 16410 | D:14     | Found a runed door.
 16449 | D:14     | XOM: enchant monster (good)
 16451 | D:14     | XOM: potion effect (haste)
 16515 | D:14     | Found a runed door.
 16526 | D:14     | Found a runed door.
 16528 | D:14     | XOM: scenery: 1 doors open
 16593 | D:14     | XOM: potion effect (might)
 16680 | D:14     | Noticed Roxanne
 16759 | D:14     | Found a gate to the Vaults.
 16799 | D:14     | XOM: confuse monster(s)
 16801 | D:14     | XOM: summons 5 friendly demons
 16814 | D:14     | Killed Roxanne
 16824 | D:14     | Learned a level 6 spell: Statue Form
 16879 | D:11     | Killed a frost giant
 17212 | Lair:1   | XOM: give mutation
 17212 | Lair:1   | Gained mutation: Your spells are a little harder to cast, but a little more powerful. [Xom's grace]
 17225 | Lair:1   | XOM: cloud trail
 17266 | Lair:2   | XOM is BORED!
 17266 | Lair:2   | XOM: swap monsters
 17299 | Lair:2   | Noticed kuniqs's ghost (journeyman VSFi)
 17305 | Lair:2   | Killed kuniqs's ghost
 17305 | Lair:2   | Reached XP level 14. HP: 118/133 MP: 19/19
 17360 | Lair:2   | XOM: give mutations
 17360 | Lair:2   | Gained mutation: You are resistant to hostile enchantments. (MR+) [Xom's grace]
 17360 | Lair:2   | Gained mutation: You are partially covered in icy blue scales. (AC +2) [Xom's grace]
 17360 | Lair:2   | Gained mutation: You have large cloven feet. [Xom's grace]
 17360 | Lair:2   | Gained mutation: Your spells are harder to cast, but more powerful. [Xom's grace]
 17451 | Lair:2   | Found a staircase to the Swamp.
 17451 | Lair:2   | XOM: summons friendly ufetubus
 17467 | Lair:2   | XOM: divination: detect creatures
 17514 | Lair:2   | Reached skill level 15 in Fighting
 17560 | Lair:2   | XOM: cloud trail
 18263 | Lair:3   | XOM: divination: detect creatures
 18310 | Lair:3   | XOM: snakes to sticks
 18410 | Lair:3   | XOM: harmless Hex miscast
 18467 | Lair:3   | XOM: harmless Summ miscast
 18641 | Lair:3   | XOM: noise
 18661 | Lair:3   | XOM is BORED!
 18661 | Lair:3   | XOM: mild Tloc miscast
 18923 | Lair:3   | XOM: scenery: create altars
 19110 | Lair:4   | XOM: divination: detect items
 19183 | Lair:4   | Found a staircase to the Snake Pit.
 19312 | Lair:4   | XOM: confuse monster(s)
 19355 | Lair:4   | XOM: harmless Tmut miscast
 19538 | Lair:4   | Found a stormy altar of Qazlal.
 19713 | Lair:4   | XOM: confuse monster(s)
 19730 | Lair:4   | XOM: silly message
 19977 | Lair:5   | XOM: mild Pois miscast
 20023 | Lair:5   | XOM: confuse monster(s)
 20138 | Lair:5   | XOM: cast spell 'Shadow Creatures'
 20142 | Lair:5   | XOM: enchant monster (good)
 20152 | Lair:5   | XOM: polymorph elephant -> yaktaur
 20209 | Lair:5   | XOM: scenery: create altars
 20495 | Lair:5   | XOM: mild Conj miscast
 20540 | Lair:6   | Entered Level 6 of the Lair of Beasts
 20635 | Lair:6   | Reached skill level 16 in Fighting
 20660 | Lair:6   | Noticed Gorglomux's ghost (journeyman OgTm)
 20677 | Lair:6   | Killed Gorglomux's ghost
 20677 | Lair:6   | Reached XP level 15. HP: 120/144 MP: 20/20
 20747 | Lair:6   | XOM: harmless Erth miscast
 20750 | Lair:6   | Reached skill level 10 in Armour
 20795 | Lair:6   | XOM: harmless Tmut miscast
 20973 | Lair:6   | XOM: noise
 20984 | Lair:6   | XOM: enchant monster (bad)
 21498 | Lair:6   | XOM: polymorph blink frog -> yak
 21760 | Lair:3   | XOM: medium Pois miscast
 21989 | Orc:1    | XOM: summons 2 friendly demons
 21993 | Orc:1    | Killed Nergalle
 22003 | Orc:1    | XOM: god gift: 2 potions of mutation
 22321 | Orc:2    | Entered Level 2 of the Orcish Mines
 22326 | Orc:1    | Found Neofoz's Jewellery Shop.
 22860 | Orc:2    | Found a staircase to the Elven Halls.
 23154 | Orc:2    | XOM: cloud trail
 23267 | Orc:2    | Found Pisoxo's Magic Scroll Emporium.
 23267 | Orc:2    | Found Honau's General Store.
 23281 | Orc:2    | Found Ogunu's Book Shop.
 23281 | Orc:2    | Found Muive's Magic Scroll Emporium.
 23290 | Orc:2    | Bought a scroll of blinking for 90 gold pieces
 23290 | Orc:2    | Bought a scroll of acquirement for 624 gold pieces
 23292 | Orc:2    | Bought a scroll of teleportation for 48 gold pieces
 23292 | Orc:2    | Bought a scroll of teleportation for 48 gold pieces
 23297 | Orc:2    | Bought a potion of invisibility for 88 gold pieces
 23297 | Orc:2    | Bought a scarf of cloud immunity for 77 gold pieces
 23393 | Orc:2    | Bought a potion of haste for 110 gold pieces
 23396 | Orc:2    | Bought a scroll of magic mapping for 42 gold pieces
 23396 | Orc:2    | Bought a scroll of magic mapping for 42 gold pieces
 23398 | Orc:2    | Bought a scroll of teleportation for 48 gold pieces
 23542 | D:15     | Entered Level 15 of the Dungeon
 23955 | D:15     | XOM: summons friendly shadow imp
 23964 | D:15     | Reached skill level 17 in Fighting
 24001 | D:15     | XOM: god gift: 24 stones
 24239 | D:15     | XOM: summons 9 friendly demons
 24249 | D:15     | Found a staircase to the Depths.
 24409 | D:15     | XOM: polymorph brown ugly thing -> anaconda
 24419 | D:15     | XOM: god gift: 860 gold pieces
 24710 | Lair:4   | XOM is BORED!
 24710 | Lair:4   | XOM: noise
 24722 | Snake:1  | Entered Level 1 of the Snake Pit
 24729 | Snake:1  | Reached XP level 16. HP: 155/155 MP: 21/21
 24739 | Snake:1  | Reached skill level 10 in Dodging
 24990 | Snake:1  | XOM: harmless Ice miscast
 25007 | Snake:1  | XOM: snakes to sticks
 25073 | Snake:1  | Found Poryireb's Food Boutique.
 25074 | Snake:1  | Found Waatodef's Antique Armour Boutique.
 25074 | Snake:1  | Found Lahuulah's Antique Weapon Shop.
 25077 | Snake:1  | Found Tisk's Book Shop.
 25305 | Snake:1  | XOM: give mutation
 25305 | Snake:1  | Gained mutation: You are covered in fur. (AC +1) [Xom's grace]
 25623 | Snake:1  | XOM: noise
 25649 | Snake:1  | XOM: medium Chrm miscast
 26004 | Snake:2  | XOM: summons 5 friendly demons
 26011 | Snake:2  | XOM: blink monster(s)
 26180 | Snake:2  | XOM: confuse monster(s)
 26241 | Snake:2  | XOM: give mutations
 26241 | Snake:2  | Gained mutation: You are partially covered in rugged brown scales. (AC +1, +3% HP) [Xom's grace]
 26241 | Snake:2  | Gained mutation: You have a pair of large horns on your head. [Xom's grace]
 26242 | Snake:2  | Lost mutation: Your spells are harder to cast, but more powerful. [potion of mutation]
 26242 | Snake:2  | Lost mutation: You are covered in fur. (AC +1) [potion of mutation]
 26242 | Snake:2  | Lost mutation: You are partially covered in slimy green scales. (AC +2) [potion of mutation]
 26242 | Snake:2  | Lost mutation: You occasionally shout uncontrollably at your foes. [potion of mutation]
 26242 | Snake:2  | Gained mutation: You are somewhat resistant to further mutation. [potion of mutation]
 26243 | Snake:2  | Lost mutation: You are clumsy. (Dex -2) [potion of mutation]
 26243 | Snake:2  | Lost mutation: You have a pair of large horns on your head. [potion of mutation]
 26243 | Snake:2  | Lost mutation: You are resistant to hostile enchantments. (MR+) [potion of mutation]
 26243 | Snake:2  | Lost mutation: You possess an exceptional clarity of mind. [potion of mutation]
 26243 | Snake:2  | Lost mutation: You are partially covered in icy blue scales. (AC +2) [potion of mutation]
 26243 | Snake:2  | Gained mutation: You are partially covered in large bone plates. (SH +4) [potion of mutation]
 26436 | Snake:2  | XOM: summons friendly iron imp
 26614 | Snake:2  | Found Cauxace's Assorted Antiques.
 26737 | Snake:3  | XOM: smoke on damage
 26785 | Snake:3  | XOM: polymorph black mamba -> basilisk
 26913 | Snake:3  | Noticed Vashnia
 26923 | Snake:3  | XOM: destruction
 26924 | Snake:3  | XOM: destruction
 26926 | Snake:3  | Noticed Louise
 27065 | Snake:3  | XOM: give mutation
 27065 | Snake:3  | Gained mutation: You are partially covered in yellow scales. (AC +2) [Xom's grace]
 27087 | Snake:3  | Reached skill level 18 in Fighting
 27177 | Snake:3  | XOM: summons 16 friendly demons
 27220 | Snake:3  | XOM: confuse monster(s)
 27238 | Snake:3  | XOM: 2-stop teleportation journey
 27265 | Snake:3  | XOM: scenery: create altars
 27530 | Snake:3  | XOM: harmless Summ miscast
 27537 | Snake:3  | XOM: destruction
 27540 | Snake:3  | Killed Louise
 27543 | Snake:3  | XOM: confuse monster(s)
 27557 | Snake:3  | Killed Vashnia
 27584 | Snake:3  | XOM: god gift: 18 stones
 27629 | Snake:3  | XOM: give mutations
 27629 | Snake:3  | Gained mutation: Your muscles are strong. (Str +2) [Xom's grace]
 27629 | Snake:3  | Gained mutation: You have sharp fingernails. [Xom's grace]
 27691 | Snake:3  | Reached XP level 17. HP: 161/170 MP: 22/22
 27812 | Snake:3  | XOM: god gift: brass wand {god gift}
 27817 | Snake:4  | Entered Level 4 of the Snake Pit
 27837 | Snake:4  | Reached skill level 1 in Throwing
 28023 | Snake:4  | XOM: noise
 28088 | Snake:4  | XOM: confuse monster(s)
 28104 | Snake:4  | XOM: enchant monster (bad)
 28139 | Snake:4  | XOM: noise
 28158 | Snake:4  | XOM: chaos upgrade
 28160 | Snake:4  | XOM: enchant monster (bad)
 28214 | Snake:4  | XOM: enchant monster (good)
 28220 | Snake:4  | Reached skill level 5 in Throwing
 28221 | Snake:4  | XOM: potion effect (berserk rage)
 28226 | Snake:4  | XOM: confuse monster(s)
 28229 | Snake:4  | XOM: confuse monster(s)
 28275 | Snake:3  | XOM: give mutations
 28275 | Snake:3  | Gained mutation: You are robust. (+10% HP) [Xom's grace]
 28275 | Snake:3  | Gained mutation: Your muscles are very strong. (Str +4) [Xom's grace]
 28275 | Snake:3  | Gained mutation: You have hoof-like feet. [Xom's grace]
 28275 | Snake:3  | Gained mutation: Your spells are harder to cast, but more powerful. [Xom's grace]
 28339 | Snake:3  | XOM: god gift: 2 needles of sleeping
 28457 | Snake:4  | XOM: divination: detect creatures
 28477 | Snake:4  | Reached skill level 19 in Fighting
 28507 | Snake:4  | XOM: cast spell 'Cause Fear'
 28535 | Snake:4  | Cast into level 2 of the Abyss (naga warrior)
 28541 | Abyss:2  | Found a corrupted altar of Lugonu.
 28612 | Abyss:2  | XOM: enchant monster (good)
 28622 | Abyss:2  | XOM: scenery: create altars
 28626 | Abyss:2  | XOM: fake destruction
 28697 | Abyss:2  | XOM: fog
 28703 | Abyss:2  | XOM: god gift: 24 sling bullets
 28718 | Abyss:2  | Found a corrupted altar of Lugonu.
 28815 | Abyss:2  | XOM: fog
 28885 | Snake:4  | Escaped the Abyss
 28968 | Snake:3  | XOM: scenery: create altars
 29080 | Snake:4  | Got a serpentine rune of Zot
 29197 | Snake:4  | XOM: polymorph naga mage -> water nymph
 29486 | Snake:4  | XOM: cloud trail
 29541 | Snake:3  | XOM: scenery: create altars
 29672 | Swamp:1  | Entered Level 1 of the Swamp
 29683 | Swamp:1  | Paralysed by a hornet for 1 turns
 29780 | Lair:2   | XOM: god gift: small emerald ring {god gift}
 29932 | D:6      | Bought the ring of Xom's Brutal Revenge {+Blink rF- rC- Str+10 Slay+5} for 1522 gold pieces
 30044 | Lair:1   | Learned a level 3 spell: Tukima's Dance
 30132 | Swamp:1  | XOM: destruction
 30501 | Swamp:1  | XOM: summons 5 friendly demons
 30517 | Swamp:1  | Reached XP level 18. HP: 186/198 MP: 23/23
 30720 | Swamp:2  | Noticed Aizul
 30737 | Swamp:2  | Killed Aizul
 30766 | Swamp:2  | You fall through a shaft!
 30768 | Swamp:3  | XOM: noise
 31035 | Swamp:4  | Entered Level 4 of the Swamp
 31133 | Swamp:4  | XOM: cleaving
 31153 | Swamp:4  | XOM: give mutations
 31153 | Swamp:4  | Gained mutation: You are resistant to electric shocks. (rElec) [Xom's grace]
 31153 | Swamp:4  | Gained mutation: You are very robust. (+20% HP) [Xom's grace]
 31153 | Swamp:4  | Gained mutation: You possess an exceptional clarity of mind. [Xom's grace]
 31153 | Swamp:4  | Gained mutation: Your mind is acute. (Int +2) [Xom's grace]
 31232 | Swamp:4  | Found a transporter.
 31269 | Swamp:4  | Reached skill level 15 in Armour
 31293 | Swamp:4  | Found a transporter.
 31302 | Swamp:4  | Got an ancient ruby amulet
 31314 | Swamp:4  | Got a sparkling tin ring
 31321 | Swamp:4  | Identified the amulet "Wexegg" {Reflect rC++ Str+3 Int+3 Dex-3 SH+4} (You found it on level 4 of the Swamp)
 31323 | Swamp:4  | Identified the ring "Ytytaez" {+Inv AC+5} (You found it on level 4 of the Swamp)
 31497 | Swamp:4  | XOM: give mutation
 31497 | Swamp:4  | Gained mutation: Your flesh is heat resistant. (rF+) [Xom's grace]
 31617 | Swamp:4  | XOM: torment (109/216 hp)
 31629 | Swamp:4  | XOM: enchant monster (bad)
 31638 | Swamp:4  | XOM: scenery: create altars
 31669 | Swamp:4  | Noticed the 27-headed Lernaean hydra
 31675 | Swamp:4  | XOM: divination: magic mapping
 31677 | Swamp:4  | Killed the 26-headed Lernaean hydra
 31678 | Swamp:4  | XOM: polymorph swamp drake -> crocodile
 31680 | Swamp:4  | XOM: potion effect (might)
 31681 | Swamp:4  | XOM: potion effect (agility)
 31723 | Swamp:4  | Got a decaying rune of Zot
 31734 | Swamp:4  | XOM: divination: detect creatures
 32071 | Swamp:4  | XOM: give mutations
 32071 | Swamp:4  | Gained mutation: You are agile. (Dex +2) [Xom's grace]
 32071 | Swamp:4  | Gained mutation: You are resistant to hostile enchantments. (MR+) [Xom's grace]
 32126 | Swamp:4  | XOM: medium Erth miscast
 32202 | Swamp:3  | XOM: potion effect (brilliance)
 32432 | Swamp:3  | XOM: harmless Pois miscast
 32449 | Swamp:3  | Found a runed door.
 32450 | Swamp:3  | Noticed a tentacled monstrosity
 32508 | Swamp:3  | XOM: harmless Air miscast
 32526 | Swamp:3  | Killed a tentacled monstrosity
 32526 | Swamp:3  | Reached skill level 10 in Throwing
 32739 | Swamp:3  | XOM: scenery: create altars
 32783 | Swamp:2  | XOM: harmless Tmut miscast
 33033 | Swamp:2  | Noticed Frances
 33044 | Swamp:2  | Killed Frances
 33208 | Swamp:2  | XOM: summons 2 hostile demons
 33276 | Swamp:2  | XOM: summons 1 hostile shadow creature
 33316 | Swamp:2  | XOM: draining
 33350 | Swamp:2  | Noticed Donald
 33360 | Swamp:2  | XOM: destruction
 33364 | Swamp:2  | Killed Donald
 33399 | Swamp:2  | XOM: mild Chrm miscast
 33513 | Lair:2   | XOM is BORED!
 33617 | D:14     | XOM: summons 1 hostile shadow creature
 33636 | Vaults:1 | Entered Level 1 of the Vaults
 33745 | Orc:2    | XOM: polymorph gnoll -> killer bee
 33807 | Orc:2    | Bought a scroll of enchant weapon for 120 gold pieces
 33814 | Orc:2    | Bought a scroll of enchant weapon for 82 gold pieces
 34006 | Vaults:1 | Found a flickering gateway to a bazaar.
 34011 | Bazaar   | Entered a bazaar
 34011 | Bazaar   | Found Userch's Magic Scroll Emporium.
 34011 | Bazaar   | Found Vousomya's Food Shoppe.
 34011 | Bazaar   | Found Seoclod's Antique Armour Emporium.
 34013 | Bazaar   | Found Huirphia's Book Shoppe.
 34027 | Bazaar   | Bought a scroll of recharging for 152 gold pieces
 34027 | Bazaar   | Bought a scroll of magic mapping for 56 gold pieces
 34027 | Bazaar   | Bought a scroll of identify for 32 gold pieces
 34056 | Vaults:1 | XOM: blink monster(s)
 34057 | Vaults:1 | XOM: mild Air miscast
 34069 | Vaults:1 | XOM: enchant monster (bad)
 34070 | Vaults:1 | XOM: chaos upgrade
 34303 | Vaults:1 | XOM: medium Necr miscast
 34414 | Vaults:1 | XOM: summons 3 hostile demons
 34474 | Vaults:1 | Reached skill level 20 in Fighting
 34478 | Vaults:1 | Reached XP level 19. HP: 227/227 MP: 24/24
 34989 | Vaults:1 | XOM: 2-stop teleportation journey
 35253 | Vaults:2 | XOM: 2-stop teleportation journey
 35255 | Vaults:2 | XOM: enchant monster (bad)
 35556 | Vaults:2 | XOM: destruction
 35704 | Vaults:2 | Noticed Asterion
 35710 | Vaults:2 | Killed Asterion
 35740 | Vaults:2 | Identified the cursed +0 chain mail of Pan-Flutes {+Inv} (You found it on level 2 of the Vaults)
 35760 | Vaults:2 | XOM: summons friendly iron imp
 35852 | Vaults:2 | XOM: summons friendly iron imp
 36024 | Vaults:2 | XOM: harmless Chrm miscast
 36039 | Vaults:2 | Found a staircase to the Crypt.
 36571 | Vaults:3 | XOM: give mutations
 36571 | Vaults:3 | Lost mutation: You are partially covered in large bone plates. (SH +4) [Xom's mischief]
 36571 | Vaults:3 | Lost mutation: You are partially covered in yellow scales. (AC +2) [Xom's mischief]
 36632 | Vaults:3 | XOM: harmless Air miscast
 36665 | Vaults:3 | XOM: stat loss: -1 Dex (9/10)
 36838 | Vaults:3 | XOM is BORED!
 36838 | Vaults:3 | XOM: give mutation
 36838 | Vaults:3 | Lost mutation: Scrolls take you a little longer to read. [Xom's mischief]
 37064 | Vaults:3 | XOM: enchant monster (bad)
 37241 | Vaults:3 | XOM: draining
 37297 | Vaults:3 | XOM: summons 4 friendly demons
 37302 | Vaults:3 | Reached skill level 15 in Dodging
 37320 | Vaults:3 | XOM: summons 3 hostile shadow creatures
 37368 | Vaults:3 | XOM: god gift: fine pewter amulet {god gift}
 37369 | Vaults:3 | Identified the amulet "Hoirase" {Reflect *Slow rN+ Str+6 SH+3} (Xom gifted it to you on level 3 of the Vaults)
 37376 | Vaults:3 | Noticed Saint Roka
 37380 | Vaults:3 | XOM: divine lightning
 37391 | Vaults:3 | Killed Saint Roka
 37391 | Vaults:3 | XOM: divination: detect items
 37398 | Vaults:3 | Reached XP level 20. HP: 239/239 MP: 25/25
 37782 | Vaults:4 | XOM: confuse monster(s)
 37800 | Vaults:4 | XOM: summons 2 friendly demons
 37804 | Vaults:4 | XOM: fog
 37809 | Vaults:4 | XOM: god gift: meat ration
 37811 | Vaults:4 | Reached skill level 21 in Fighting
 37908 | Vaults:4 | XOM: god gift: slimy crystal amulet {god gift}
 37916 | Vaults:4 | XOM: polymorph ironbrand convoker -> dream sheep
 37924 | Vaults:4 | Got a slimy crystal amulet {god gift}
 37925 | Vaults:4 | Identified the amulet "Gemneludd" {Reflect Dex+4 Slay+2 SH+4 Stlth+} (Xom gifted it to you on level 4 of the Vaults)
 37948 | Vaults:4 | XOM: divination: detect items
 38064 | Vaults:4 | XOM: noise
 38095 | Vaults:4 | XOM: smoke on damage
 38137 | Vaults:4 | XOM: harmless Fire miscast
 38305 | Vaults:4 | XOM: mild Erth miscast
 38341 | Vaults:4 | XOM: scenery: 2 doors close
 38354 | Vaults:4 | XOM is BORED!
 38354 | Vaults:4 | XOM: mild Tloc miscast
 38440 | Vaults:4 | Found a shimmering altar of Xom.
 38478 | Vaults:4 | Reached skill level 1 in Stealth
 38634 | Vaults:5 | Entered Level 5 of the Vaults
 38662 | Vaults:5 | XOM: smoke on damage
 38663 | Vaults:5 | XOM: scenery: create altars
 38678 | Vaults:5 | XOM: polymorph vault guard -> entropy weaver
 38679 | Vaults:5 | XOM: polymorph entropy weaver -> fire dragon
 38688 | Vaults:5 | XOM: fake destruction
 38691 | Vaults:5 | Noticed a golden dragon
 38707 | Vaults:5 | Killed a golden dragon
 38725 | Vaults:5 | XOM: enchant monster (good)
 38735 | Vaults:5 | Noticed an ancient lich
 38737 | Vaults:5 | XOM: cleaving
 38740 | Vaults:5 | Reached XP level 21. HP: 231/250 MP: 22/27
 38756 | Vaults:5 | Killed an ancient lich
 38778 | Vaults:5 | Reached skill level 10 in Evocations
 38781 | Vaults:5 | XOM: summons 7 friendly demons
 38785 | Vaults:5 | XOM: fog
 38814 | Vaults:5 | XOM: polymorph hellwing -> orange demon
 38823 | Vaults:5 | XOM: confuse monster(s)
 38830 | Vaults:5 | Noticed an ancient lich
 38834 | Vaults:5 | XOM: summons friendly white imp
 38836 | Vaults:5 | XOM: divine lightning
 38838 | Vaults:5 | Killed an ancient lich
 38847 | Vaults:5 | XOM: polymorph orc knight -> redback
 38852 | Vaults:5 | XOM: 2-stop teleportation journey
 38891 | Vaults:5 | XOM: polymorph tengu reaver -> alligator snapping turtle
 38910 | Vaults:5 | XOM: summons friendly rust devil
 39005 | Vaults:5 | XOM: summons friendly white imp
 39010 | Vaults:5 | Reached skill level 22 in Fighting
 39019 | Vaults:5 | XOM: summons 11 friendly demons
 39030 | Vaults:5 | Reached skill level 15 in Throwing
 39054 | Vaults:5 | Got a flickering garnet amulet
 39055 | Vaults:5 | Identified the amulet "Hahahare" {Faith rF+ rC+} (You took it off a deep elf annihilator on level 5 of the Vaults)
 39152 | Vaults:5 | XOM: summons 15 friendly demons
 39166 | Vaults:5 | Reached XP level 22. HP: 241/262 MP: 29/29
 39325 | Vaults:5 | XOM: 5-stop teleportation journey
 39716 | Vaults:5 | XOM: silly message
 39759 | Vaults:5 | Identified the Compendium of Virous Confrontation
 39761 | Vaults:5 | Identified the Reference Book on the Unstable Frostbite
 39840 | Vaults:5 | Noticed a golden dragon
 39840 | Vaults:5 | XOM: enchant monster (bad)
 39851 | Vaults:5 | Killed a golden dragon
 39903 | Vaults:5 | Got a silver rune of Zot
 39914 | Vaults:5 | Got a pair of jewelled gloves
 39925 | Vaults:5 | Identified the cursed -3 pair of gloves of Insatiable Hunger {SInv} (You found it on level 5 of the Vaults)
 40115 | Vaults:5 | XOM: give mutations
 40115 | Vaults:5 | Gained mutation: Your spells are much harder to cast, but much more powerful. [Xom's grace]
 40115 | Vaults:5 | Gained mutation: You are covered in fur. (AC +1) [Xom's grace]
 40422 | Depths:1 | Entered Level 1 of the Depths
 40453 | Depths:1 | XOM: summons 13 friendly demons
 40476 | Depths:1 | Found a corrupted altar of Lugonu.
 40476 | Depths:1 | Found a one-way gate to the infinite horrors of the Abyss.
 40499 | Depths:1 | XOM: confuse monster(s)
 40685 | Depths:1 | XOM: scenery: 1 doors open, 1 doors close
 40728 | Depths:1 | XOM: 1-stop teleportation journey
 40908 | Depths:1 | XOM: destruction
 40910 | Depths:1 | XOM: 2-stop teleportation journey
 41081 | Depths:1 | XOM: cloud trail
 41091 | Depths:1 | Found a gateway to a ziggurat.
 41110 | Depths:1 | Learned a level 2 spell: Poisonous Vapours
 41130 | Depths:1 | Found a gateway to Hell.
 41745 | Depths:2 | XOM: polymorph elephant -> two-headed ogre
 41797 | Depths:2 | XOM: silly message
 42036 | Depths:2 | XOM: god gift: 18 stones
 42218 | Depths:3 | XOM: smoke on damage
 42219 | Depths:3 | XOM: summons 5 friendly demons
 42313 | Depths:3 | XOM: destruction
 42334 | Depths:3 | XOM: enchant monster (good)
 42339 | Depths:3 | Reached skill level 23 in Fighting
 42350 | Depths:3 | Found a basalt altar of Yredelemnul.
 42367 | Depths:3 | XOM: give mutation
 42367 | Depths:3 | Lost mutation: You are somewhat resistant to further mutation. [Xom's mischief]
 42421 | Depths:3 | XOM: swap monsters
 42422 | Depths:3 | XOM: confuse monster(s)
 42619 | Depths:3 | Found a one-way gate leading to the halls of Pandemonium.
 42738 | Depths:3 | XOM: divination: detect items
 42875 | Depths:4 | Noticed Sojobo
 42877 | Depths:4 | XOM: cast spell 'Alistair's Intoxication'
 42879 | Depths:4 | XOM: confuse monster(s)
 42881 | Depths:4 | XOM: cast spell 'Necromutation'
 42882 | Depths:4 | XOM: summons 16 friendly demons
 42885 | Depths:4 | Killed Sojobo
 42885 | Depths:4 | Reached XP level 23. HP: 260/277 MP: 30/30
 42895 | Depths:4 | XOM: confuse monster(s)
 42957 | Depths:4 | Noticed a caustic shrike
 42973 | Depths:4 | Killed a caustic shrike
 43115 | Depths:4 | XOM: summons 6 friendly demons
 43122 | Depths:4 | Noticed a juggernaut
 43124 | Depths:4 | XOM: scenery: create altars
 43132 | Depths:4 | Killed a juggernaut
 43143 | Depths:4 | Noticed a caustic shrike
 43146 | Depths:4 | Killed a caustic shrike
 43154 | Depths:4 | XOM: summons friendly white imp
 43246 | Depths:4 | XOM: scenery: create altars
 43253 | Depths:4 | XOM: polymorph stone giant -> quicksilver dragon
 43256 | Depths:4 | XOM: confuse monster(s)
 43324 | Depths:4 | XOM: summons 11 friendly demons
 43418 | Depths:4 | Found Afaezumo's Gadget Shop.
 43820 | Depths:4 | Found Wofrocu's Armour Shoppe.
 43986 | Depths:4 | XOM: god gift: 52 gold pieces
 44017 | Depths:5 | Entered Level 5 of the Depths
 44025 | Depths:5 | XOM: potion effect (berserk rage)
 44033 | Depths:5 | XOM: potion effect (brilliance)
 44043 | Depths:5 | XOM: enchant monster (good)
 44045 | Depths:5 | XOM: divine lightning
 44045 | Depths:5 | XOM: smoke on damage
 44046 | Depths:5 | XOM: summons friendly iron imp
 44050 | Depths:5 | Reached skill level 24 in Fighting
 44059 | Depths:5 | XOM: destruction
 44076 | Depths:5 | XOM: smoke on damage
 44120 | Depths:5 | XOM: scenery: create altars
 44122 | Depths:5 | XOM: summons friendly iron imp
 44131 | Depths:5 | XOM: harmless Necr miscast
 44173 | Depths:5 | Found Deit's Gadget Boutique.
 44278 | Depths:5 | Reached XP level 24. HP: 197/290 MP: 31/31
 44494 | Depths:5 | XOM: polymorph red draconian -> dire elephant
 44603 | Depths:5 | Found a gate to the Realm of Zot.
 44638 | Depths:5 | XOM: swap monsters
 44646 | Depths:5 | XOM: polymorph hell hog -> rakshasa
 44666 | Depths:5 | Found a basalt altar of Yredelemnul.
 44789 | Depths:5 | Noticed Margery
 44805 | Depths:5 | Killed Margery
 44975 | Depths:5 | XOM: severe Necr miscast
 45327 | Crypt:1  | Entered Level 1 of the Crypt
 45353 | Crypt:1  | XOM: destruction
 45452 | Crypt:1  | XOM: divination: detect creatures
 45495 | Crypt:1  | Noticed Boris
 45530 | Crypt:1  | Blown up by Boris

Skill      XL: |  1  2  3  4  5  6  7  8  9 10 11 12 13 14 15 16 17 18 19 20 21 22 23 24 |
---------------+-------------------------------------------------------------------------+-----
Axes           | 4 5 6 7 8 10 12 15 17 18 19 20 21 22 23 | 23.3
Fighting       | 4 5 6 7 8 9 10 11 13 14 16 17 18 19 20 21 22 23 24 | 24.6
Armour         | 4 6 7 9 11 13 14 15 16 17 18 19 20 | 20.0
Dodging        | 3 5 7 9 11 12 14 15 16 17 18 | 18.2
Evocations     | 3 6 8 9 10 11 12 | 12.6
Throwing       | 7 10 13 14 15 16 | 16.6
Stealth        | 3 4 |  4.3

Action                   |  1- 3 |  4- 6 |  7- 9 | 10-12 | 13-15 | 16-18 | 19-21 | 22-24 || total
-------------------------+-------+-------+-------+-------+-------+-------+-------+-------++-------
Melee: Hand axe          |    89 |   107 |    73 |       |       |       |       |       ||   269
       Headbutt          |    15 |    18 |    46 |   127 |   169 |   349 |   299 |   347 ||  1370
       War axe           |       |       |   163 |   492 |       |       |       |       ||   655
       Battleaxe         |       |       |    65 |   213 |  1008 |  1315 |   880 |   906 ||  4387
       Kick              |       |       |       |    11 |       |       |       |       ||    11
Throw: Stone             |       |       |     7 |    10 |       |       |       |       ||    17
       Throwing net      |       |       |     1 |     4 |       |       |       |       ||     5
Evoke: Wand              |       |       |    13 |     6 |     1 |     2 |       |     4 ||    26
       Fan of gales      |       |       |       |       |       |     1 |       |       ||     1
  Use: Scroll            |     6 |     6 |     6 |    18 |    12 |    18 |    10 |     7 ||    83
       Potion            |       |       |     7 |     7 |       |     6 |     1 |     1 ||    22
 Stab: Confused          |     1 |       |     3 |       |     2 |     6 |       |    16 ||    28
       Petrified         |     1 |       |     1 |     3 |       |       |       |       ||     5
       Sleeping          |       |     3 |     2 |       |       |       |       |       ||     5
       Paralysed         |       |     2 |     3 |     2 |       |       |       |     2 ||     9
       Invisible         |       |       |     6 |       |     7 |       |       |       ||    13
       Distracted        |       |       |       |     1 |     1 |     3 |     6 |     4 ||    15
       Held in net/web   |       |       |       |     1 |       |       |       |       ||     1
  Eat: Chunk             |     2 |     3 |       |     9 |     1 |     1 |       |       ||    16
       Fruit             |       |     5 |     7 |       |    12 |     7 |     2 |     8 ||    41
       Royal jelly       |       |       |     3 |       |     2 |     3 |       |     5 ||    13
       Bread ration      |       |       |       |     5 |     2 |     3 |       |     1 ||    11
       Meat ration       |       |       |       |       |     1 |     2 |     3 |       ||     6
Armor: Leather armour    |    23 |    16 |    32 |       |       |       |       |       ||    71
       Plate armour      |       |       |    41 |   291 |   481 |   689 |   363 |   364 ||  2229
       Skin              |       |       |     4 |     7 |       |       |       |       ||    11
Dodge: Dodged            |    37 |    59 |   240 |   336 |   460 |   781 |   479 |   633 ||  3025
Block: Other             |       |       |       |       |       |   239 |   150 |    97 ||   486
       Reflection        |       |       |       |       |       |    13 |    17 |     7 ||    37
